 Dungeon Crawl Stone Soup version 0.30-a0-137-gd8773701ce (webtiles) character file.

Game seed: 12269115030135158925

217203 DocSulfur the Executioner (level 18, -11/147 HPs)
             Began as a Hill Orc Fighter on Sept 21, 2022.
             Was an Initiate of Yredelemnul.
             Killed from afar by a crystal guardian (50 damage)
             ... with a crystal bolt
             ... in a wizard's laboratory.
             The game lasted 03:10:12 (46819 turns).

DocSulfur the Executioner (Hill Orc Fighter)       Turns: 46819, Time: 03:10:12

Health: -11/147    AC: 23    Str: 31    XL:     18   Next: 57%
Magic:  40/40      EV:  7    Int: 12    God:    Yredelemnul [......]
Gold:   646        SH: 27    Dex: 15    Spells: 17/17 levels left

rFire   . . .      SeeInvis .    t - +3 broad axe (elec)
rCold   . . .      Faith    .    o - +0 tower shield
rNeg    . . .      Spirit   .    g - +1 plate armour of Pan-Flutes {Will+ MP+9 Int+4}
rPois   .          Reflect  +    m - +2 helmet
rElec   .          Harm     .    y - scarf {repulsion}
rCorr   .          Rampage  .    Y - +2 pair of gloves {Dex+3}
Will    +++..                    (no boots)
Stlth   ..........               T - amulet of reflection
HPRegen 0.34/turn                L - +6 ring of strength
MPRegen 0.27/turn                U - ring of willpower

@: repel missiles
A: no striking features
}: 2/15 runes: decaying, gossamer
a: Renounce Religion, Recall Undead Harvest


You were in a wizard's laboratory.
You worshipped Yredelemnul.
Yredelemnul was most pleased with you.
You visited 6 branches of the dungeon, and saw 31 of its levels.
You also visited: Sewer, Ice Cave and Wizlab.

You collected 2800 gold pieces.
You spent 2154 gold pieces at shops.

Inventory:

Hand Weapons
 t - a +3 broad axe of electrocution (weapon)
Missiles
 k - 26 poisoned darts
 V - 6 boomerangs (quivered)
Armour
 g - the +1 plate armour of Pan-Flutes (worn) {Will+ MP+9 Int+4}
   (You bought it in a shop on level 2 of the Orcish Mines)

   Int:       It affects your intelligence (+4).
   MP:        It affects your magic capacity (+9).
   Will:      It increases your willpower.
 m - a +2 helmet (worn)
 o - a +0 tower shield (worn)
 y - a scarf of repulsion (worn)
 Y - a +2 pair of gloves of dexterity (worn)
Jewellery
 b - a +6 ring of strength
 c - a ring of magical power
 p - a ring of fire
 q - a +4 ring of evasion
 w - a ring of resist corrosion
 A - an amulet of the acrobat
 L - a +6 ring of strength (left hand)
 S - the ring "Ashryept" {rF+ AC+4 Dex+2 Stlth+}
   (You found it on level 10 of the Dungeon)

   [ring of protection]

   AC:        It affects your AC (+4).
   Dex:       It affects your dexterity (+2).
   rF:        It protects you from fire.
   Stlth:     It makes you more stealthy.
 T - an amulet of reflection (around neck)
 U - a ring of willpower (right hand)
 X - a ring of protection from cold
Wands
 r - a wand of polymorph (9)
 D - a wand of charming (4)
 R - a wand of flame (6)
Scrolls
 e - 11 scrolls of enchant armour
 f - 6 scrolls of vulnerability
 h - 4 scrolls of amnesia
 l - 7 scrolls of teleportation
 n - 2 scrolls of poison
 s - 2 scrolls of immolation
 B - 6 scrolls of fog
 C - 3 scrolls of magic mapping
 M - a scroll of torment
 N - a scroll of silence
 P - a scroll of fear
 Z - a scroll of enchant weapon
Potions
 d - 2 potions of ambrosia
 i - 5 potions of mutation
 j - a potion of resistance
 u - 3 potions of might
 v - a potion of curing
 x - a potion of heal wounds
 z - 3 potions of lignification
 E - 3 potions of cancellation
 F - 4 potions of brilliance
 H - 8 potions of attraction
 I - 3 potions of magic
 J - a potion of flight
 O - a potion of haste
 Q - a potion of invisibility
Miscellaneous
 W - a phantom mirror


   Skills:
 + Level 10.1 Fighting
 - Level 21.7 Axes
 - Level 4.0 Throwing
 - Level 12.5 Armour
 * Level 21.1 Shields
 - Level 18.0 Invocations
 - Level 8.0 Evocations


You had 17 spell levels left.
You didn't know any spells.
Your spell library contained the following spells:

 Spells                   Type           Power      Damage    Failure   Level
 Apportation              Tloc           0%         N/A       98%         1
 Necrotise                Necr           0%         1d4       98%         1
 Slow                     Hex            0%         N/A       98%         1
 Summon Small Mammal      Summ           0%         N/A       98%         1
 Cigotuvi's Dreadful Rot  Necr/Pois/Air  0%         N/A       99%         2
 Ensorcelled Hibernation  Hex/Ice        0%         N/A       99%         2
 Passwall                 Tmut/Erth      0%         N/A       99%         2
 Scorch                   Fire           0%         2d5       99%         2
 Static Discharge         Conj/Air       0%         2-2/arc   99%         2
 Call Canine Familiar     Summ           0%         N/A       100%        3
 Confusing Touch          Hex            0%         N/A       100%        3
 Dazzling Flash           Conj/Hex       0%         N/A       100%        3
 Frozen Ramparts          Ice            0%         1d1       100%        3
 Ignite Poison            Fire/Tmut/Pois 0%         N/A       100%        3
 Inner Flame              Hex/Fire       0%         N/A       100%        3
 Ozocubu's Armour         Ice            0%         N/A       100%        3
 Portal Projectile        Hex/Tloc       0%         N/A       100%        3
 Stone Arrow              Conj/Erth      0%         3d7       100%        3
 Summon Guardian Golem    Hex/Summ       0%         N/A       100%        3
 Swiftness                Air            0%         N/A       100%        3
 Tukima's Dance           Hex            0%         N/A       100%        3
 Vampiric Draining        Necr           0%         2d6       100%        3
 Animate Armour           Summ/Erth      0%         N/A       100%        4
 Dispel Undead            Necr           0%         3d6       100%        4
 Flame Wave               Conj/Fire      0%         2d4       100%        4
 Ice Form                 Ice/Tmut       0%         N/A       100%        4
 Iskenderun's Mystic Bla  Conj/Tloc      0%         2d3       100%        4
 Sticky Flame             Conj/Fire      0%         2d3       100%        4
 Summon Ice Beast         Ice/Summ       0%         N/A       100%        4
 Arcjolt                  Conj/Air       0%         1d10      100%        5
 Blade Hands              Tmut           0%         N/A       100%        5
 Iskenderun's Battlesphe  Conj           0%         2d6       100%        5
 Silence                  Hex/Air        0%         N/A       100%        5
 Summon Forest            Summ/Tloc      0%         N/A       100%        5
 Summon Mana Viper        Hex/Summ       0%         N/A       100%        5
 Eringya's Noxious Bog    Tmut/Pois      0%         N/A       100%        6
 Iron Shot                Conj/Erth      0%         9d1       100%        6
 Starburst                Conj/Fire      0%         6d3       100%        6
 Summon Cactus Giant      Summ           0%         N/A       100%        6
 Malign Gateway           Summ/Tloc      0%         N/A       100%        7
 Ozocubu's Refrigeration  Ice            0%         4d7       100%        7
 Spellforged Servitor     Conj/Summ      0%         N/A       100%        7
 Lehudib's Crystal Spear  Conj/Erth      0%         10d2      100%        8
 Summon Horrible Things   Summ           0%         N/A       100%        8
 Death's Door             Necr           0%         N/A       100%        9
 Death Channel            Necr           Unusable   N/A       N/A         6

Dungeon Overview and Level Annotations

Branches:
Dungeon (15/15)            Temple (0/1) D:4            Lair (5/5) D:10
  Swamp (4/4) Lair:3       Spider (4/4) Lair:2        Slime (0/5) Lair:4
    Orc (2/2) D:11            Elf (0/3) Orc:2        Vaults (1/5) D:14
 Depths (0/4) D:15          Sewer (visited)           IceCv (visited)
 WizLab (1/1)

Altars:
Ashenzari
Cheibriados
Elyvilon
Hepliaklqana
Nemelex Xobeh
Okawaru
Qazlal
Uskayaw
Yredelemnul
Zin
The Shining One
Beogh

Shops:
D:2 *   D:5 ?   D:10 [((*   D:12 [   Orc:2 [!*[=(*

Annotations:
Lair:4 exclusion: downstairs


Message History

The crystal guardian is moderately damaged.
You block the crystal guardian's attack.
You hit the crystal guardian but do no damage.
The crystal guardian is moderately damaged.
You hit the crystal guardian.
The crystal guardian is moderately damaged.
The crystal guardian fires a crystalline bolt at you.
The crystal bolt burns you! The crystal bolt burns you!!
The crystal bolt burns the crystal guardian.
The crystal guardian completely resists.
You slice the crystal guardian!!
The crystal guardian is severely damaged.
The crystal guardian hits you.
You slash the crystal guardian!
The crystal guardian is almost destroyed.
The crystal guardian fires a crystalline bolt at you.
The crystal bolt freezes you!!!
* * * LOW HITPOINT WARNING * * *
The crystal bolt freezes you!!
* * * LOW HITPOINT WARNING * * *
The crystal bolt freezes the crystal guardian.
The crystal guardian completely resists.
Okay, then.
Okay, then.
You feel much better.
The crystal guardian fires a crystalline bolt at you.
The crystal bolt freezes you!!
* * * LOW HITPOINT WARNING * * *
The crystal bolt freezes you.
* * * LOW HITPOINT WARNING * * *
The crystal bolt freezes the crystal guardian.
The crystal guardian completely resists.
There's nothing to close nearby.
Unknown command.
Okay, then.
You feel much better.
The crystal guardian fires a crystalline bolt at you.
The crystal bolt burns you!!!
You die...
Your body rises from the dead as a mindless zombie.

###+### ##.....##
#### ##8.....8##
##...##....8....#
#..8..#.........#
#....9@.8..8..8.+
#..8..#.........#
##...##....8)...#
#### #8......8##
###...).##
###'### ##...##
#.....# #.∩8∩.#


You could see a crystal guardian.

Vanquished Creatures
  A tentacled monstrosity (Swamp:1)
  An azure jelly (Swamp:4)
  Kirke (D:14)
  3 emperor scorpions
  A broodmother (Spider:4)
  An eleionoma (Swamp:1)
  2 spark wasps (Spider:4)
  2 entropy weavers (Spider:3)
  2 ice dragons (Swamp:4)
  Erolcha (Orc:2)
  A vault guard (D:14)
  9 centaur warriors
  5 death yaks
  An alligator (Swamp:2)
  2 two-headed ogres
  3 boulder beetles
  4 orc high priests
  4 pharaoh ants
  A goliath frog (Swamp:1)
  4 orb spiders (Spider:4)
  A spriggan druid (Swamp:3)
  A deep troll (D:15)
  5 steelbarb worms
  2 swamp dragons (Swamp:3)
  6 bog bodies (Swamp:3)
  3 spectral hydras (Swamp:3)
  A lindwurm (Lair:5)
  A phantasmal warrior (Swamp:3)
  A large abomination (Swamp:3)
  4 orc knights
  A goliath frog zombie (Swamp:3)
  8 wolf spiders
  2 deep elf pyromancers
  2 orc sorcerers (Orc:1)
  A cyclops (D:12)
  10 ugly things
  3 manticores
  2 moths of wrath
  A moth of wrath (shapeshifter) (D:15)
  2 molten gargoyles (Lair:5)
  6 elephants
  5 black mambas
  3 torpor snails
  Joseph (D:7)
  8 cane toads
  4 gargoyles
  A demonic crawler (Spider:4)
  7 komodo dragons
  An efreet (D:15)
  3 freezing wraiths
  A kobold demonologist (D:13)
  2 rime drakes
  A swamp worm zombie (Swamp:3)
  A polar bear (Lair:2)
  4 trolls
  2 hornets
  4 meliai
  A tarantella (shapeshifter) (D:15)
  An alligator zombie (Swamp:3)
  14 tarantellas
  5 blink frogs
  9 jumping spiders
  4 culicivoras
  3 wyverns
  22 yaks
  A shadow (D:11)
  4 spriggans
  A wraith (D:14)
  A hog (D:14)
  4 vampire mosquitoes
  A swamp worm simulacrum (Swamp:4)
  4 steam dragons
  4 basilisks
  A tyrant leech zombie (Swamp:3)
  4 humans (D:14)
  42 redbacks
  8 wargs
  3 acid dragons
  4 swamp worms
  2 hell hounds (Lair:5)
  8 water moccasins
  24 orc warriors
  10 hydra simulacra (Swamp:4)
  2 sky beasts
  5 ice beasts
  2 black bears (D:6)
  4 ogres
  18 wolves
  7 centaurs
  2 phantoms
  A kobold brigand (D:7)
  5 bullfrogs
  A necrophage (D:6)
  2 scorpions (D:5)
  3 wights (D:9)
  A spriggan zombie (Swamp:3)
  8 killer bees
  2 troll zombies (Swamp:3)
  4 electric eels
  2 howler monkeys
  2 lava snakes (Lair:5)
  A jelly (D:8)
  25 orc priests
  A gnoll bouda (D:5)
  3 hounds
  4 iguanas
  13 orc wizards
  A spectral electric eel (Orc:2)
  6 adders
  15 gnolls
  A river rat (D:4)
  A white imp (D:6)
  2 ufetubi (D:5)
  A swamp drake simulacrum (Swamp:4)
  An adder zombie (D:3)
  A worm (D:2)
  3 dart slugs
  84 orcs
  17 ball pythons
  7 endoplasms
  10 giant cockroaches
  4 goblins
  6 hobgoblins
  5 jackals
  8 quokkas
  2 ball python zombies (D:3)
  8 bats
  5 frilled lizards (Sewer)
  12 kobolds
  A quokka zombie (D:3)
  8 rats
672 creatures vanquished.

Vanquished Creatures (collateral kills)
  Bai Suzhen (Swamp:4)
  2 thorn hunters
  An emperor scorpion (Spider:4)
  4 ghost moths
  An ironbound thunderhulk (Vaults:1)
  2 broodmothers
  3 bunyips
  An ettin (D:15)
  3 entropy weavers
  An ice dragon (Swamp:4)
  2 vault guards (D:14)
  6 hydras
  2 ghost crabs
  6 death yaks
  3 radroaches
  A death scarab (Spider:4)
  2 boulder beetles
  7 alligators
  2 orc high priests (Orc:2)
  A tengu warrior (D:15)
  4 pharaoh ants
  3 steelbarb worms
  A sun moth (Spider:4)
  A death drake (Swamp:3)
  A deep troll (D:15)
  3 goliath frogs
  3 spriggan druids
  7 orb spiders
  3 swamp dragons
  A bog body (Swamp:4)
  A spectral hydra (Swamp:3)
  A wizard (D:15)
  A phantasmal warrior (Swamp:3)
  5 goliath frog zombies (Swamp:3)
  A deep elf pyromancer (D:14)
  2 necromancers
  7 wolf spiders
  2 ugly things
  A cyclops (D:13)
  3 orc knights (Orc:2)
  A manticore (D:15)
  A moth of wrath (Spider:1)
  5 will-o-the-wisps
  A molten gargoyle (Lair:5)
  4 elephants
  A torpor snail (Spider:1)
  3 black mambas
  An ice statue (Lair:4)
  9 cane toads
  8 demonic crawlers
  3 komodo dragons
  An efreet (D:14)
  4 rime drakes
  2 freezing wraiths (Swamp:4)
  An ice devil (Lair:4)
  A swamp worm zombie (Swamp:3)
  A troll (Orc:1)
  2 meliai (Spider:3)
  5 tyrant leeches
  3 slime creatures (D:14)
  16 tarantellas
  4 hornets
  13 blink frogs
  2 spectral swamp dragons (Swamp:3)
  4 alligator zombies (Swamp:3)
  A tarantella zombie (Spider:1)
  16 jumping spiders
  8 culicivoras
  3 wyverns
  A wraith (D:11)
  3 spriggans
  4 humans (D:14)
  15 yaks
  5 basilisks
  A hog (D:14)
  A swamp worm simulacrum (Swamp:4)
  23 redbacks
  3 vampire mosquitoes (D:13)
  A steam dragon (Lair:5)
  8 swamp worms
  3 wargs (Orc:1)
  A hell hound (Lair:5)
  5 hydra simulacra (Swamp:4)
  A swamp drake (D:10)
  5 water moccasins
  2 ice beasts (Lair:4)
  11 orc warriors
  A sky beast (D:7)
  A black bear (Lair:4)
  An ogre (D:6)
  3 centaurs
  6 wolves
  2 phantoms
  8 bullfrogs
  A wight (D:9)
  3 howler monkeys
  4 killer bees
  2 spriggan zombies (Swamp:3)
  5 electric eels
  3 lava snakes (Lair:5)
  A jelly (D:6)
  6 orc priests
  A gnoll bouda (D:8)
  2 orc wizards
  5 gnolls
  2 adders
  A white imp (Lair:4)
  5 swamp drake simulacra (Swamp:4)
  A worm (D:4)
  14 orcs
  3 giant cockroaches
  A jackal (D:4)
  4 quokkas
  A bat (D:3)
  6 frilled lizards
  A kobold (D:7)
  A rat (D:8)
414 creatures vanquished.

Vanquished Creatures (others)
  A vault guard (D:14)
  A ghost crab (Swamp:4)
  A broodmother zombie (Spider:2)
  2 wolf spider zombies (Spider:4)
  2 ugly thing zombies
  A spectral ugly thing (D:10)
  A steelbarb worm zombie (Spider:4)
  2 orb spider zombies (Spider:4)
  19 redback zombies
  A hydra zombie (Swamp:2)
  3 demonic crawler zombies
  4 bloated husks
  7 tarantella zombies
  A moth of wrath zombie (Spider:3)
  A tarantella (Spider:4)
  A culicivora zombie (Spider:2)
  A hornet (Swamp:2)
  5 jumping spider zombies
  An ice dragon zombie (Swamp:4)
  A meliai zombie (Spider:3)
  A black mamba zombie (Lair:5)
  A slime creature zombie (D:14)
  A two-headed ogre zombie (D:11)
  A swamp worm (Swamp:4)
  A water moccasin (Lair:5)
  A cane toad zombie (Lair:2)
  3 hornet zombies
  An elephant zombie (Lair:3)
  A blink frog zombie (Lair:3)
  A swamp dragon zombie (Swamp:4)
  2 vampire mosquito zombies
  A rime drake zombie (Lair:5)
  A torpor snail zombie (Spider:4)
  A komodo dragon zombie (Lair:5)
  A bullfrog (Lair:3)
  A hell hound zombie (Lair:5)
  2 water moccasin zombies
  2 wyvern zombies
  3 warg zombies
  A troll zombie (D:12)
  3 yak zombies
  5 wolf zombies
  3 centaur zombies
  3 bullfrog zombies
  3 human zombies (D:14)
  A scorpion zombie (D:5)
  2 killer bee zombies
  An acid dragon zombie (D:12)
  2 ogre zombies
  An ice beast zombie (D:6)
  3 kobold zombies (D:7)
  2 hound zombies
  A spectral orc (Orc:2)
  A howler monkey zombie (D:10)
  A spectral electric eel (Lair:3)
  A steam dragon zombie (Lair:5)
  An adder zombie (Sewer)
  An iguana zombie (D:5)
  A jelly zombie (D:8)
  2 ball python zombies
  A frilled lizard zombie (Sewer)
  A giant cockroach zombie (Sewer)
  3 gnoll zombies (Orc:2)
  A jackal zombie (D:4)
  46 orc zombies
  A quokka zombie (Sewer)
  2 spectral ufetubi (D:5)
  A bush (Lair:2)
  18 foxfires
  68 fungi
  101 plants
  2 withered plants (Swamp:3)
366 creatures vanquished.

Grand Total: 1452 creatures vanquished

Notes
Turn   | Place    | Note
-------+----------+-------------------------------------------
     0 | D:1      | DocSulfur the Hill Orc Fighter began the quest for the Orb.
     0 | D:1      | Reached XP level 1. HP: 19/19 MP: 1/1
   116 | D:1      | Reached XP level 2. HP: 26/26 MP: 2/2
   371 | D:1      | Found a faded altar of an unknown god.
   393 | D:1      | Reached XP level 3. HP: 30/31 MP: 3/3
  1126 | D:2      | Found Bibbiegh's Assorted Antiques.
  1304 | D:2      | Reached XP level 4. HP: 39/39 MP: 4/4
  1541 | D:2      | Reached skill level 1 in Throwing
  1631 | D:2      | Found a hide-covered altar of Uskayaw.
  1651 | D:2      | Reached skill level 5 in Shields
  2016 | D:2      | Reached XP level 5. HP: 45/45 MP: 5/5
  2484 | D:3      | Found a basalt altar of Yredelemnul.
  2489 | D:3      | Became a worshipper of Yredelemnul the Dark
  2594 | D:3      | Reached * piety under Yredelemnul
  2599 | D:3      | Reached skill level 1 in Invocations
  2607 | D:3      | Reached XP level 6. HP: 35/51 MP: 6/6
  2827 | D:3      | Reached ** piety under Yredelemnul
  2963 | D:4      | Found a sparkling altar of Nemelex Xobeh.
  3087 | D:4      | Found a staircase to the Ecumenical Temple.
  3234 | D:4      | Reached skill level 5 in Axes
  3256 | D:4      | Found a glowing drain.
  3263 | Sewer    | Entered a sewer
  3479 | Sewer    | Reached XP level 7. HP: 35/57 MP: 7/9
  3575 | D:2      | Bought a scroll labelled IDI HAENTACUL for 18 gold pieces
  3575 | D:2      | Bought a scroll labelled SIEJIBE WIMMEG for 18 gold pieces
  3575 | D:2      | Bought a scroll labelled SIEJIBE WIMMEG for 18 gold pieces
  4063 | D:5      | Entered Level 5 of the Dungeon
  4090 | D:5      | Found a broken altar of Ashenzari.
  4420 | D:5      | Reached skill level 5 in Invocations
  4420 | D:5      | Reached XP level 8. HP: 39/64 MP: 11/11
  4877 | D:5      | Found Gunal's Magic Scroll Shoppe.
  4891 | D:5      | Bought a scroll of teleportation for 39 gold pieces
  4891 | D:5      | Bought a scroll of identify for 26 gold pieces
  5598 | D:6      | Found a snail-covered altar of Cheibriados.
  5946 | D:6      | Reached skill level 1 in Evocations
  6243 | D:6      | Reached XP level 9. HP: 61/70 MP: 14/14
  6632 | D:6      | Found a glowing silver altar of Zin.
  7371 | D:7      | Reached skill level 5 in Armour
  7624 | D:7      | You fall into a shaft and drop 2 floors!
  7785 | D:9      | Noticed a hornet
  7788 | D:9      | Killed a hornet
  7789 | D:9      | Reached skill level 10 in Axes
  7789 | D:9      | Reached skill level 5 in Evocations
  7878 | D:8      | Noticed a hornet
  8415 | D:9      | Noticed a kobold demonologist
  8416 | D:9      | a kobold demonologist changed into a rime drake
  8416 | D:9      | Noticed a rime drake
  8425 | D:9      | Killed a rime drake
  8426 | D:9      | Reached XP level 10. HP: 44/77 MP: 15/15
  8758 | D:9      | Found an iron altar of Okawaru.
  9144 | D:9      | Found a stormy altar of Qazlal.
 10152 | D:8      | Reached *** piety under Yredelemnul
 10472 | D:7      | Found a hazy altar of Hepliaklqana.
 11088 | D:7      | Noticed Joseph
 11090 | D:7      | Killed Joseph
 11287 | D:10     | Entered Level 10 of the Dungeon
 11307 | D:10     | Noticed a red ugly thing
 11317 | D:10     | Killed a red ugly thing
 11573 | D:10     | Reached XP level 11. HP: 72/82 MP: 17/17
 11963 | D:10     | Found a staircase to the Lair.
 12140 | D:10     | Identified the ring "Ashryept" {rF+ AC+4 Dex+2 Stlth+}
 12175 | D:10     | Found Vyteo's Armour Boutique.
 12191 | D:10     | Found a white marble altar of Elyvilon.
 12247 | D:10     | Noticed a centaur warrior
 12249 | D:10     | Killed a centaur warrior
 12250 | D:10     | Reached skill level 10 in Invocations
 12250 | D:10     | Found Pesotre's Weapon Shop.
 12294 | D:10     | Bought 6 boomerangs for 39 gold pieces
 12339 | D:10     | Found Voph's Assorted Antiques.
 12654 | D:10     | Found Luetinurecs's Weapon Shoppe.
 12958 | D:11     | Noticed a two-headed ogre
 12963 | D:11     | Killed a two-headed ogre
 13314 | D:11     | Found a staircase to the Orcish Mines.
 13318 | D:11     | Found a roughly hewn altar of Beogh.
 13455 | D:11     | Noticed a centaur warrior
 13466 | D:11     | Killed a centaur warrior
 13918 | D:12     | Noticed a green ugly thing
 13926 | D:12     | Killed a green ugly thing
 13982 | D:12     | Noticed a boulder beetle
 13997 | D:12     | Reached skill level 15 in Axes
 13997 | D:12     | Killed a boulder beetle
 14185 | D:12     | Identified the +9 dagger of Baeheqi {freeze, +Blink Int-3
                  | Stlth+}
 14237 | D:12     | Noticed a two-headed ogre
 14249 | D:12     | Killed a two-headed ogre
 14253 | D:12     | Reached XP level 12. HP: 72/90 MP: 19/19
 14493 | D:12     | Found Kotz's Armour Shoppe.
 14501 | D:12     | Bought a +0 kite shield for 72 gold pieces
 15012 | D:12     | Noticed a boulder beetle
 15036 | D:12     | Killed a boulder beetle
 15242 | D:13     | Noticed a centaur warrior
 15487 | D:5      | Bought a scroll of blinking for 97 gold pieces
 15487 | D:5      | Bought a scroll of identify for 26 gold pieces
 15487 | D:5      | Bought a scroll of identify for 26 gold pieces
 15487 | D:5      | Bought a scroll of identify for 26 gold pieces
 15644 | Orc:1    | Entered Level 1 of the Orcish Mines
 15644 | Orc:1    | Noticed an orc high priest
 15655 | Orc:1    | Noticed a soul eater
 15658 | Orc:1    | Killed an orc high priest
 15973 | Orc:2    | Entered Level 2 of the Orcish Mines
 15984 | Orc:2    | Found Azasyiso's Assorted Antiques.
 16184 | Orc:2    | Found Kaim's Weapon Shop.
 16193 | Orc:2    | Noticed Erolcha
 16256 | Orc:2    | Killed Erolcha
 16265 | Orc:2    | Found a staircase to the Elven Halls.
 16328 | Orc:2    | Found Esmomn's Jewellery Boutique.
 16352 | Orc:2    | Reached skill level 10 in Shields
 16576 | Orc:2    | Found Wotip's Armour Shop.
 16798 | Orc:2    | Reached skill level 5 in Fighting
 18038 | Orc:2    | Noticed an orc high priest
 18044 | Orc:2    | Killed an orc high priest
 18189 | Orc:2    | Noticed an orc high priest
 18195 | Orc:2    | Noticed an orc high priest
 19114 | Orc:2    | Noticed an orc high priest
 19608 | Orc:1    | Killed an orc high priest
 19609 | Orc:1    | Reached XP level 13. HP: 78/105 MP: 21/21
 20403 | Lair:1   | Entered Level 1 of the Lair of Beasts
 22331 | Lair:2   | Reached **** piety under Yredelemnul
 22694 | Lair:2   | Reached ***** piety under Yredelemnul
 22695 | Lair:2   | Reached skill level 10 in Fighting
 22805 | Lair:2   | Found a hole to the Spider Nest.
 23420 | Lair:3   | Found a staircase to the Swamp.
 23724 | Lair:3   | Reached XP level 14. HP: 89/121 MP: 20/23
 24429 | Lair:4   | Found a staircase to the Slime Pits.
 24571 | Lair:4   | Reached ****** piety under Yredelemnul
 25339 | Lair:5   | Entered Level 5 of the Lair of Beasts
 27376 | Lair:4   | Reached skill level 15 in Shields
 27825 | Lair:5   | Found a glowing silver altar of Zin.
 28159 | Lair:5   | Reached skill level 15 in Invocations
 28429 | Lair:5   | Reached XP level 15. HP: 105/126 MP: 26/26
 28545 | Lair:5   | Found a large runed translucent door.
 28546 | Lair:5   | Found a large runed translucent door.
 29604 | Orc:2    | Found Raingaq's Armour Boutique.
 29604 | Orc:2    | Found Rilysmo's Antique Armour Boutique.
 29605 | Orc:2    | Found Umomownil's General Store.
 29605 | Orc:2    | Found Maugoaj's Distillery.
 29620 | Orc:2    | Bought a potion of heal wounds for 70 gold pieces
 29622 | Orc:2    | Bought a scroll of teleportation for 45 gold pieces
 29622 | Orc:2    | Bought a scroll of identify for 30 gold pieces
 29732 | Orc:2    | Bought a potion of curing for 42 gold pieces
 29732 | Orc:2    | Bought a potion of curing for 42 gold pieces
 30441 | D:13     | Got the Parchment of Transmuted Bewitchment
 30883 | D:14     | Found a frozen archway.
 30889 | IceCv    | Entered an ice cave
 31306 | D:14     | Found a gate to the Vaults.
 31358 | D:14     | Found a white marble altar of Elyvilon.
 31358 | D:14     | Found a glowing silver altar of Zin.
 31359 | D:14     | Found a glowing golden altar of the Shining One.
 31659 | D:14     | Reached skill level 10 in Armour
 31820 | D:14     | Noticed Kirke
 31831 | D:14     | Killed Kirke
 32127 | D:14     | Noticed Frances
 32138 | D:14     | Killed Frances
 32138 | D:14     | Enslaved Frances
 32152 | D:14     | Your ally Kirke died
 32461 | D:15     | Entered Level 15 of the Dungeon
 32544 | D:15     | Found a staircase to the Depths.
 34022 | Swamp:1  | Entered Level 1 of the Swamp
 34022 | Swamp:1  | Noticed a thorn hunter
 34030 | Swamp:1  | Killed a thorn hunter
 34034 | Swamp:1  | Reached XP level 16. HP: 87/134 MP: 27/27
 34438 | Swamp:1  | Noticed a tentacled monstrosity
 34446 | Swamp:1  | Killed a tentacled monstrosity
 37397 | Swamp:3  | Got Khufu's Exposition on Exhumation
 37656 | Swamp:4  | Entered Level 4 of the Swamp
 38602 | Swamp:4  | Identified the +3 leather armour of Happy Babbling {rF+
                  | Int+2}
 38602 | Swamp:4  | Noticed Bai Suzhen
 38617 | Swamp:4  | Killed Bai Suzhen
 38618 | Swamp:4  | Reached XP level 17. HP: 62/140 MP: 29/29
 39907 | Swamp:4  | Got a decaying rune of Zot
 40156 | Spider:1 | Entered Level 1 of the Spider Nest
 40515 | Spider:1 | thank you, frances, i like you too
 43943 | Spider:4 | Entered Level 4 of the Spider Nest
 43999 | Spider:4 | Reached XP level 18. HP: 147/147 MP: 30/30
 44901 | Spider:4 | Got a gossamer rune of Zot
 46155 | Orc:2    | Bought the +1 plate armour of Pan-Flutes {Will+ MP+9 Int+4}
                  | for 1018 gold pieces
 46178 | Orc:2    | Bought a scarf of repulsion for 180 gold pieces
 46178 | Orc:2    | Bought a +2 pair of gloves of dexterity for 322 gold pieces
 46696 | Vaults:1 | Entered Level 1 of the Vaults
 46724 | Vaults:1 | Found a magical portal.
 46748 | WizLab   | Entered Maxwell's Workshop
 46819 | WizLab   | Killed from afar by a crystal guardian

Illustrated notes

........# .......#
......# .....#
....# #...# #...#
### ##.@.# ###.##
#.ZZZ#
#....####ZZZ^#
#####......Z.Z...#
#..........ZZZ.###
#............###.#
###^........##...#
##...###.....#.^..#
...Z.Z.#...###....#


Turn 40515 on Spider:1: thank you, frances, i like you too

Levels and vault maps discovered:
D:1:      minmay_arrival_wavy_path, layout_loops_ring,
          ebering_ecumenical_altar_mist, serial_glass, glass_columns_c,
          glass_columns_c, glass_columns_a, glass_columns_c, glass_columns_a,
          glass_columns_b, hangedman_decor_growths,
          minmay_misc_feat_more_columns
D:2:      layout_loops_corners, basic_altar, serial_shops,
          nicolae_shop_hallway_stairs, minmay_misc_feat_chi
D:3:      layout_rooms, nicolae_yredelemnul_corpse_copse, nrook_uturn,
          item_on_display_a
D:4:      layout_loops_cross, mainiacjoe_overflow_brackets,
          minmay_temple_entry_sparse_star, gup_sewer_entry_bubbles
D:5:      layout_layer_cave, old_standard_altar, serial_shops,
          nicolae_square_shop, kennysheep_path_1
D:6:      layout_cave_pods, mainiacjoe_overflow_alcove_4,
          mainiacjoe_overflow_catwalk
D:7:      layout_loops_ring, kennysheep_mini_moat, uniq_joseph
D:8:      layout_rooms, serial_corexii_hall, corexii_hall_statues_t,
          chequers_hall_statues_corner_a, minivault_14,
          hangedman_decor_riveting, minmay_lizard_king
D:9:      layout_stronghold, nicolae_overflow_crystal_walls, marbit_many_paths
D:10:     layout_roguey, mainiacjoe_overflow_cross_hatched, erik_lair_dragon,
          serial_shops, nicolae_lakefront_shop, nicolae_shop_window_shopping,
          shop, kennysheep_little_box
D:11:     layout_basic, minmay_orc_entry_temple_small
D:12:     layout_basic, serial_shops, shop
D:13:     layout_basic, dk_noncrumbling_3
D:14:     layout_grid_maze, ximxim_vaults_locker_room,
          portal_ice_cave_entry_pillars_three, good_gods_temple_1, uniq_kirke,
          uniq_frances
D:15:     hangedman_depths_entry_civil_slaughter, layout_loops_corners,
          nicolae_triple_integral
Lair:1:   layout_gridlike
Lair:2:   layout_roguey, dummy_spider_entry, nicolae_lair_grazing_beasts
          [nicolae_sub_lair_graze_edge, nicolae_sub_lair_graze_edge,
          nicolae_sub_lair_graze_edge, nicolae_sub_lair_graze_edge],
          grunt_megastairs_4
Lair:3:   layout_hall_layers, minmay_swamp_entry_eels, serial_bayou_pond_b,
          amcnicky_mini_pool_medium
Lair:4:   layout_layer_cave, slime_entry_1, ice2_lemuel
Lair:5:   cheibrodos_lair_end_hotspot, layout_regular_city, basic_altar,
          eino_small_chamber_without_monster
Swamp:1:  layout_basic_swamp, nicolae_swamp_ascending_descending_big,
          swamp_pool2
Swamp:2:  layout_basic_swamp, evilmike_swamp_ruin_house_1, swamp_pool1,
          nicolae_swamp_wisp_ring_woods
Swamp:3:  cheibrodos_swamp_mausoleum, layout_basic_swamp,
          evilmike_swamp_ruin_rubble_1, swamp_pool2, infiniplex_staircase_pool
Swamp:4:  swamp_icy, layout_basic_swamp, uniq_bai_suzhen
Spider:1: layout_spider_delve
Spider:2: layout_spider_delve
Spider:3: layout_chambers, hangedman_spider_tarantella_strand
Spider:4: guppyfry_spider_rune, nicolae_spider_baby_got_redback
Orc:1:    layout_caves
Orc:2:    st_orc_pillars, layout_diamond_mine, serial_shops,
          nicolae_shop_waterfront, nicolae_diamond_shop,
          nicolae_shop_waterfront, nicolae_shop_bloodbath_and_beyond,
          uniq_erolcha
Vaults:1: lightli_enter_wizlab_magi_temple, v_alt_pattern_3, vaults_dpeg_doors,
          nicolae_vaults_specimen_jars, v_misc_12, ontoclasm_vaults_gateway,
          nicolae_vaults_border_crossing, special_room_vaults
          [special_room_orc], layout_vaults_chaotic_city
WizLab:   wizlab_maxwell

Skill      XL: |  1  2  3  4  5  6  7  8  9 10 11 12 13 14 15 16 17 18 |
---------------+-------------------------------------------------------+-----
Axes           | 3 4 5 6 9 10 12 15 16 18 20 21 | 21.7
Shields        | 4 5 6 8 10 12 16 17 18 20 21 | 21.1
Throwing       | 1 2 3 4 |  4.0
Invocations    | 1 3 5 7 9 10 11 13 15 16 17 18 | 18.0
Armour         | 4 6 12 | 12.5
Evocations     | 2 6 8 |  8.0
Fighting       | 7 10 | 10.1

Action                   |  1- 3 |  4- 6 |  7- 9 | 10-12 | 13-15 | 16-18 || total
-------------------------+-------+-------+-------+-------+-------+-------++-------
Melee: War axe           |   112 |   235 |   241 |   521 |   546 |       ||  1655
       Broad axe         |       |       |       |       |   289 |   659 ||   948
Throw: Dart              |     4 |     3 |    49 |    71 |     6 |       ||   133
       Stone             |       |       |    10 |       |       |       ||    10
       Boomerang         |       |       |       |    33 |    43 |    12 ||    88
Invok: Recall Undead Har |       |     8 |       |     4 |     8 |    13 ||    33
       Dark Bargain      |       |     1 |       |     3 |    16 |    10 ||    30
       Drain Life        |       |       |       |       |     1 |     4 ||     5
       Bind Soul         |       |       |       |       |     2 |       ||     2
Evoke: Wand              |     2 |     2 |    15 |    52 |    16 |    41 ||   128
       Phantom mirror    |       |       |       |     2 |     4 |     1 ||     7
  Use: Potion            |       |     1 |     2 |     6 |     9 |    13 ||    31
       Scroll            |       |       |     9 |    17 |    22 |     4 ||    52
 Stab: Distracted        |       |     1 |     3 |     5 |    13 |    14 ||    36
       Fleeing           |       |       |       |     1 |       |       ||     1
Armor: Scale mail        |    60 |   117 |   126 |   177 |       |       ||   480
       Chain mail        |       |       |       |    10 |   261 |       ||   271
       Plate armour      |       |       |       |       |   115 |   257 ||   372
Dodge: Dodged            |    51 |   128 |   162 |   234 |   267 |   202 ||  1044
Block: Buckler           |    35 |    80 |    59 |    72 |       |       ||   246
       Kite shield       |       |       |       |   157 |   506 |       ||   663
       Tower shield      |       |       |       |       |    43 |   646 ||   689
       Reflection        |       |       |       |       |       |     6 ||     6

Table legend: (Time is in decaauts)
 A = Elapsed time spent in this place.
 B = Non-inter-level travel time spent in this place.
 C = Inter-level travel time spent in this place.
 D = Time resting spent in this place.
 E = Time spent auto-exploring this place.
 F = Levels seen in this place.
 G = Mean time per level.
                   A        B        C        D        E       F      G
               +--------+--------+--------+--------+--------+-----+--------+
         Total |  50407 |  46930 |   3477 |  13984 |  18691 |  34 | 1482.6 |
       Dungeon |  22675 |  20686 |   1989 |   4122 |  10790 |  15 | 1511.7 |
          Lair |   8900 |   8411 |    489 |   2623 |   3690 |   5 | 1780.0 |
         Swamp |   6914 |   6645 |    269 |   2777 |   1614 |   4 | 1728.5 |
   Spider Nest |   5921 |   5463 |    458 |   1900 |   1597 |   4 | 1480.2 |
  Orcish Mines |   5549 |   5279 |    270 |   2527 |    997 |   2 | 2774.5 |
        Vaults |     50 |     50 |      0 |      0 |      0 |   1 |   50.0 |
         Sewer |    320 |    320 |      0 |      0 |      0 |   1 |  320.0 |
      Ice Cave |      6 |      6 |      0 |      0 |      0 |   1 |    6.0 |
        Wizlab |     67 |     67 |      0 |     35 |      0 |   1 |   67.0 |
               +--------+--------+--------+--------+--------+-----+--------+

Top non-repeatable levels by time:
  Lair:4: 3559 daAuts
   Orc:2: 3143 daAuts
    D:10: 2672 daAuts
 Swamp:3: 2608 daAuts
   Orc:1: 2406 daAuts
     D:5: 2040 daAuts
 Swamp:4: 2005 daAuts
     D:9: 1989 daAuts
Spider:4: 1919 daAuts
    D:14: 1883 daAuts
Spider:3: 1741 daAuts
  Lair:5: 1709 daAuts
     D:6: 1695 daAuts
    D:11: 1683 daAuts
    D:12: 1606 daAuts
